 Dungeon Crawl Stone Soup version 0.16-a0-3724-gf14d081 (console) character file.

40853 MarvinPA the Grappler (level 13, -9/107 HPs)
             Began as a Black Draconian Transmuter on Jan 21, 2015.
             Was a High Priest of Nemelex Xobeh.
             Mangled by a komodo dragon (19 damage)
             ... on level 7 of the Lair of Beasts.
             The game lasted 01:38:52 (27301 turns).

MarvinPA the Grappler (Black Draconian Transmuter) Turns: 27301, Time: 01:38:52

Health: -9/107     AC: 13    Str: 14    XL:     13   Next: 76%
Magic:  27/27      EV: 16    Int: 18    God:    Nemelex Xobeh [*****.]
Gold:   998        SH:  0    Dex: 11    Spells: 3 memorised, 11 levels left

rFire  + . .     SeeInvis .       - Unarmed
rCold  . . .     Clarity  .     (armour unavailable)
rNeg   + . .     SustAb   .     (no shield)
rPois  +         Gourm    .     (helmet restricted)
rElec  +         Spirit   .     v - +1 cloak
rCorr  .         Warding  +     e - +0 pair of gloves
rMut   .         Stasis   .     A - +1 pair of boots
MR     .....                    W - amulet of warding
Stlth  +.........               C - ring of poison resistance
                                d - ring of protection from fire

@: not resistant to hostile enchantments, very unstealthy
A: breathe lightning, unfitting armour, electricity resistance, cold-blooded, AC
+8
a: Breathe Lightning, Triple Draw, Deal Four, Stack Five, Renounce Religion


You were on level 7 of the Lair of Beasts.
You worshipped Nemelex Xobeh.
Nemelex Xobeh was extremely pleased with you.
You were near starving.

You visited 3 branches of the dungeon, and saw 18 of its levels.
You also visited: Labyrinth.

You collected 1350 gold pieces.
You spent 352 gold pieces at shops.


Innate Abilities, Weirdness & Mutations

You can breathe wild blasts of lightning.
Your glossy black scales are hard (AC +8).
Your body does not fit into most forms of armour.
You are resistant to electric shocks.
Your cold-blooded metabolism reacts poorly to cold.


   Skills:
 + Level 7.9 Fighting
 - Level 10.0 Dodging
 - Level 14.0 Unarmed Combat
 - Level 5.5 Spellcasting
 + Level 8.9 Transmutations
 - Level 2.9 Ice Magic
 - Level 3.0 Poison Magic
 - Level 11.0 Evocations


You had 11 spell levels left.
You knew the following spells:

 Your Spells              Type           Power        Failure   Level  Hunger
c - Blade Hands           Trmt           #####.....   12%         5    ######.
x - Ice Form              Ice/Trmt       ####....     14%         4    ####...
z - Spider Form           Trmt/Pois      ####......   3%          3    ##.....

Inventory:

Missiles
 G - a throwing net (quivered)
Armour
 e - a +0 pair of gloves (worn)
 v - a +1 cloak (worn)
 A - a +1 pair of boots (worn)
Magical staves
 w - an uncursed staff of wizardry {!a}
Jewellery
 d - a ring of protection from fire (left hand)
 z - an uncursed ring of teleportation
 C - a ring of poison resistance (right hand)
 M - an uncursed ring of teleport control
 W - an amulet of warding (around neck)
Magical devices
 a - a wand of heal wounds (4) {!d@v2}
 g - a wand of confusion (11)
 r - a wand of hasting (5) {!d@v3}
 s - a wand of invisibility (7)
 x - a wand of disintegration (1)
 B - a wand of teleportation (6) {!d@v4}
 T - a wand of enslavement (8)
 Y - a wand of digging (9)
Scrolls
 i - a scroll of blinking
 j - 2 scrolls of enchant armour
 F - 2 scrolls of teleportation {@r4}
 H - 2 scrolls of fear
 I - 9 scrolls of identify {@r1}
 R - 5 scrolls of magic mapping
 X - 3 scrolls of remove curse
Potions
 c - 5 potions of invisibility
 h - a potion of brilliance
 n - 4 potions of agility
 t - 5 potions of might
 J - a potion of curing {@q1}
 P - 2 potions of magic
 Q - 2 potions of ambrosia {!q}
 U - 2 potions of resistance
Miscellaneous
 b - a lantern of shadows
 l - a plain deck of summoning {drawn: 3}
 m - a disc of storms
 p - a plain deck of war
 q - a plain deck of destruction
 D - a plain deck of war
 K - an ornate deck of escape {drawn: 2}
 L - an ornate deck of war
 O - an ornate deck of destruction
 V - a legendary deck of war
Comestibles
 f - 2 bread rations
 k - 8 meat rations
 Z - 2 chunks of flesh

Dungeon Overview and Level Annotations

Branches:
Dungeon (10/15)            Temple (1/1) D:4            Lair (7/8) D:10
  Swamp (0/5) Lair:5       Spider (0/5) Lair:3
  Slime: Lair:6-8       Orc: D:9-12

Altars:
Ashenzari
Cheibriados
Dithmenos
Elyvilon
Fedhas
Gozag
Kikubaaqudgha
Makhleb
Nemelex Xobeh
Okawaru
Qazlal
Ru
Sif Muna
Trog
Vehumet
Xom
Yredelemnul
Zin
The Shining One

Shops:
D:4 %   D:9 !

Annotations:
Lair:5 1 exclusion

..... ...........
.....>.......
...?.....P..... .
..P............
...##PP........... .
#......PP..#.....#
.#...#...#..PPPff#D..##..
#...........P.#ld##..P...
#........#..#..##P.......
#ff.##ff.......P#f...##.
##ff...ff......P......#
#......f....P.ff........
#...........#.f#.......
#.../.....#..<.....f..
##..........f.#P.....
#...P#...........fPP.


You could see a four-headed hydra and a komodo dragon.


Message History

A shaft materialises beneath you!
You feel yourself speed up.
You are near starving!
The white ugly thing tries to attack you, but flinches away.
The komodo dragon bites you.
* * * LOW HITPOINT WARNING * * *
The white ugly thing closely misses you.
The komodo dragon bites you!
* * * LOW HITPOINT WARNING * * *
The white ugly thing falls through a shaft!
The shaft crumbles and collapses.
Drink which item? (? for menu, Esc to quit)
You feel much better.
The komodo dragon bites you but does no damage.
A four-headed hydra comes into view.
The four-headed hydra roars!
The komodo dragon bites you!!
* * * LOW HITPOINT WARNING * * *
Evoke which item? (* to show all) (? for menu, Esc to quit)
Zapping:
a - a wand of heal wounds (5) {!d@v2} You feel much better.
This wand has 4 charges left.
The komodo dragon bites you!!
* * * LOW HITPOINT WARNING * * *
Evoke which item? (* to show all) (? for menu, Esc to quit)
Okay, then.
Read which item? (? for menu, Esc to quit)
As you read the scroll of fog, it crumbles to dust.
The scroll dissolves into smoke.
The komodo dragon bites you!!
You die...
Your body glows with a rainbow of weird colours and disappears.

Action                   |  1- 3 |  4- 6 |  7- 9 | 10-12 | 13-15 || total
-------------------------+-------+-------+-------+-------+-------++-------
Melee: Unarmed           |   157 |   198 |   465 |  1051 |   263 ||  2134
 Cast: Beastly Appendage |    23 |    13 |     1 |       |       ||    37
       Spider Form       |       |    16 |    65 |    69 |     1 ||   151
       Sticks to Snakes  |       |       |     5 |       |       ||     5
       Ice Form          |       |       |       |    59 |    31 ||    90
 Abil: End Transformatio |       |     7 |    42 |    94 |    25 ||   168
       Breathe Lightning |       |       |       |     5 |       ||     5
Evoke: Deck              |       |    12 |    13 |    39 |    31 ||    95
       Wand              |       |       |    20 |    14 |     3 ||    37
       Disc of storms    |       |       |       |     2 |       ||     2
  Use: Scroll            |       |    16 |    12 |     9 |     7 ||    44
       Potion            |       |     1 |     4 |     3 |     4 ||    12
 Stab: Sleeping          |     1 |     1 |     1 |       |       ||     3
       Paralysed         |       |       |     7 |       |       ||     7
       Confused          |       |       |     3 |     5 |       ||     8
       Distracted        |       |       |       |     1 |     1 ||     2
  Eat: Chunk             |     2 |    17 |    22 |    47 |    20 ||   108
       Beef jerky        |       |       |     2 |     1 |     1 ||     4
       Pizza             |       |       |       |     3 |       ||     3
       Meat ration       |       |       |       |     1 |       ||     1

Vault maps used:
D:1:      saegor_arrival_simple_d
D:2:      kennysheep_big_flooded_room, lemuel_crystal_altar,
          nicolae_overflow_crystal_walls, uniq_iyjb
D:3:      okawaru_metal_pillars_1_2
D:4:      temple_green, serial_shops, nicolae_shop_statue_plus,
          supply_closet_lemuel
D:5:      lemuel_round_altar, first_bread, uniq_prince_ribbit1
D:6:      lightli_ossuary_entry_decrepit_ruins, portal_sewer_entry_e
D:7:      kennysheep_housing_project, grunt_ogre_cave, trog_butcher_becter
D:8:      fedhas_altar_fruit_tree
D:9:      gammafunk_temple_overflow_statue, serial_shops, shop, uniq_grum
D:10:     lair_0_dummy, eino_small_chamber_without_monster, uniq_joseph,
          uniq_urug
Temple:   circular_temple_12
Lair:1:   nicolae_quartered_pool_little, serial_bayou_shore_a
Lair:2:   zaba_anthell, lemuel_fruit_tree
Lair:3:   nicolae_spider_entry_non_spiders
Lair:4:   beast_lair_carwin_large_3, serial_bayou_pond_d
Lair:5:   minmay_swamp_entry_worms, beast_lair_carwin_6, grunt_megastairs_2,
          infiniplex_staircase_pool, uniq_maud
Lair:6:   st_stairs_4, grunt_megastairs_4
Lair:7:   lab_entry_generic, nicolae_lair_grove_arrangements,
          roderic_carrion_pond
Lab:      labyrinth_spiral

Notes
Turn   | Place    | Note
--------------------------------------------------------------
     0 | D:1      | MarvinPA, the Draconian Transmuter, began the quest for the Orb.
     0 | D:1      | Reached XP level 1. HP: 16/16 MP: 3/3
   404 | D:1      | Reached XP level 2. HP: 18/23 MP: 2/4
   416 | D:1      | Learned a level 2 spell: Sticks to Snakes
   541 | D:1      | Reached skill level 4 in Unarmed Combat
   875 | D:2      | Reached XP level 3. HP: 26/28 MP: 4/6
   950 | D:2      | Learned a level 3 spell: Spider Form
  1169 | D:2      | Found a glowing silver altar of Zin.
  1461 | D:2      | Reached XP level 4. HP: 20/35 MP: 2/7
  1699 | D:2      | Noticed Ijyb
  1710 | D:2      | Killed Ijyb
  1710 | D:2      | Reached skill level 3 in Transmutations
  1736 | D:2      | Found a shimmering altar of Xom.
  2322 | D:3      | Reached skill level 5 in Unarmed Combat
  2489 | D:3      | Found an iron altar of Okawaru.
  2521 | D:3      | Reached XP level 5. HP: 40/40 MP: 1/9
  3637 | D:4      | Found a staircase to the Ecumenical Temple.
  3644 | Temple   | Entered the Ecumenical Temple
  3732 | Temple   | Became a worshipper of Nemelex Xobeh the Trickster
  3756 | D:4      | Received a gift from Nemelex Xobeh
  3771 | D:4      | Noticed an ogre
  3782 | D:4      | Killed an ogre
  3815 | D:4      | Found Klec Ext's Food Shoppe.
  4473 | D:5      | Entered Level 5 of the Dungeon
  4499 | D:5      | Reached skill level 4 in Transmutations
  4977 | D:5      | Noticed an ogre
  4985 | D:5      | Killed an ogre
  4985 | D:5      | Reached XP level 6. HP: 47/47 MP: 6/10
  5000 | D:5      | Received a gift from Nemelex Xobeh
  5006 | D:5      | Noticed Prince Ribbit
  5018 | D:5      | Killed Prince Ribbit
  5018 | D:5      | Reached skill level 6 in Unarmed Combat
  5568 | D:5      | Noticed an ogre
  5578 | D:5      | Noticed a vampire mosquito
  5578 | D:5      | Noticed a vampire mosquito
  5744 | D:5      | Killed an ogre
  5744 | D:5      | Your scales start taking on a glossy black colour.
  5744 | D:5      | Gained mutation: You are resistant to electric shocks. [draconian maturity]
  5744 | D:5      | Reached XP level 7. HP: 52/52 MP: 8/12
  5796 | D:5      | Found a glowing golden altar of the Shining One.
  6149 | D:6      | Reached skill level 3 in Spellcasting
  6196 | D:6      | Reached skill level 7 in Unarmed Combat
  6632 | D:6      | Reached skill level 4 in Spellcasting
  6723 | D:6      | Reached XP level 8. HP: 46/59 MP: 11/18
  7437 | D:6      | Reached skill level 2 in Fighting
  7437 | D:6      | Reached skill level 2 in Dodging
  7553 | D:6      | Noticed a two-headed ogre
  7616 | D:6      | Reached skill level 3 in Fighting
  7791 | D:6      | Reached skill level 3 in Dodging
  7867 | D:6      | Reached skill level 4 in Fighting
  8034 | D:6      | Killed a two-headed ogre
  8034 | D:6      | Reached skill level 4 in Dodging
  8034 | D:6      | Reached skill level 2 in Evocations
  8318 | D:7      | Received a gift from Nemelex Xobeh
  8341 | D:7      | Identified a scroll of acquirement
  8342 | D:7      | Identified a wand of hasting (You acquired it on level 7 of the Dungeon)
  8343 | D:7      | good
  8350 | D:7      | goooood
  8357 | D:7      | Reached skill level 8 in Unarmed Combat
  8375 | D:7      | Identified a wand of teleportation (You found it on level 7 of the Dungeon)
  8393 | D:7      | Reached XP level 9. HP: 53/71 MP: 16/20
  8503 | D:7      | Reached skill level 3 in Evocations
  8583 | D:7      | Found a bloodstained altar of Trog.
  8646 | D:7      | Reached skill level 4 in Evocations
  8721 | D:6      | asfsfdgh
  8998 | D:7      | Reached skill level 5 in Evocations
  9052 | D:7      | Reached skill level 9 in Unarmed Combat
  9076 | D:7      | great
  9200 | D:7      | oh
  9241 | D:7      | Learned a level 2 spell: Sticks to Snakes
  9536 | D:7      | Reached skill level 6 in Evocations
  9850 | D:7      | Received a gift from Nemelex Xobeh
  9880 | D:8      | HP: 6/69 [poisoned by a kobold]
  9888 | D:8      | HP: 5/69 [poisoned by a kobold]
  9894 | D:8      | HP: 5/69 [poisoned by a kobold]
  9900 | D:8      | HP: 5/69 [poisoned by a kobold]
  9906 | D:8      | HP: 5/69 [poisoned by a kobold]
 10366 | D:8      | Identified a wand of heal wounds (You acquired it on level 8 of the Dungeon)
 10367 | D:8      | excellent
 10504 | D:8      | Reached skill level 7 in Evocations
 10554 | D:8      | Reached skill level 5 in Transmutations
 10554 | D:8      | Reached XP level 10. HP: 38/76 MP: 18/21
 10688 | D:8      | Found a blossoming altar of Fedhas.
 10747 | D:8      | Reached skill level 10 in Unarmed Combat
 11315 | D:7      | Learned a level 4 spell: Ice Form
 11402 | D:7      | Reached skill level 1 in Ice Magic
 11402 | D:7      | Reached skill level 1 in Poison Magic
 11883 | D:9      | Acquired Nemelex Xobeh's first power
 11895 | D:9      | Reached skill level 2 in Ice Magic
 11895 | D:9      | Reached skill level 2 in Poison Magic
 12159 | D:9      | Reached skill level 3 in Poison Magic
 12165 | D:9      | Noticed Grum
 12324 | D:9      | Killed Grum
 12324 | D:9      | Reached skill level 6 in Transmutations
 12432 | D:9      | Reached skill level 5 in Spellcasting
 12569 | D:9      | Found Plaak's Distillery.
 12577 | D:9      | Bought a potion of heal wounds for 80 gold pieces
 12577 | D:9      | Bought a potion of restore abilities for 80 gold pieces
 12577 | D:9      | Bought a potion of lignification for 48 gold pieces
 12577 | D:9      | Bought a potion of magic for 128 gold pieces
 12577 | D:9      | Bought a potion of poison for 16 gold pieces
 12585 | D:9      | Learned a level 5 spell: Blade Hands
 12624 | D:9      | Received a gift from Nemelex Xobeh
 12849 | D:9      | Found a sacrificial altar of Ru.
 12850 | D:9      | Found a white marble altar of Elyvilon.
 12891 | D:10     | Entered Level 10 of the Dungeon
 13159 | D:10     | Noticed Joseph
 13653 | D:10     | Killed Joseph
 13854 | D:10     | Reached skill level 5 in Dodging
 13961 | D:10     | Noticed Urug
 13978 | D:10     | Killed Urug
 13978 | D:10     | Reached XP level 11. HP: 42/82 MP: 21/24
 14173 | D:10     | Noticed vatarom's ghost (experienced MfIE)
 14187 | D:10     | help
 14230 | D:10     | Received a gift from Nemelex Xobeh
 14771 | D:10     | Killed vatarom's ghost
 14848 | D:10     | Found a staircase to the Lair.
 14863 | D:10     | Reached skill level 6 in Dodging
 14879 | D:10     | Reached skill level 5 in Fighting
 15194 | D:10     | Received a gift from Nemelex Xobeh
 15339 | D:10     | Reached skill level 8 in Evocations
 15740 | Lair:1   | Entered Level 1 of the Lair of Beasts
 15802 | Lair:1   | Noticed a six-headed hydra
 15806 | Lair:1   | Noticed a minotaur
 15806 | Lair:1   | a six-headed hydra changed into a minotaur
 15817 | Lair:1   | Killed a minotaur
 16019 | Lair:1   | Reached skill level 9 in Evocations
 16412 | Lair:1   | Acquired Nemelex Xobeh's second power
 16851 | Lair:1   | Reached skill level 11 in Unarmed Combat
 17060 | Lair:1   | Noticed a seven-headed hydra
 17062 | Lair:1   | You fall through a shaft!
 17062 | Lair:2   | Received a gift from Nemelex Xobeh
 17087 | Lair:2   | Reached skill level 10 in Evocations
 17684 | Lair:2   | Reached XP level 12. HP: 89/92 MP: 21/25
 18127 | Lair:1   | Killed a seven-headed hydra
 18858 | Lair:2   | Received a gift from Nemelex Xobeh
 18874 | Lair:2   | Reached skill level 11 in Evocations
 19093 | Lair:2   | Reached skill level 12 in Unarmed Combat
 19498 | Lair:3   | Reached skill level 7 in Dodging
 20069 | Lair:3   | Found a hole to the Spider Nest.
 20664 | Lair:3   | Received a gift from Nemelex Xobeh
 20702 | Lair:3   | Noticed an eight-headed hydra
 20722 | Lair:3   | Killed an eight-headed hydra
 21334 | Lair:3   | Reached skill level 8 in Dodging
 22289 | Lair:4   | Reached skill level 13 in Unarmed Combat
 22331 | Lair:4   | Received a gift from Nemelex Xobeh
 22516 | Lair:4   | Reached skill level 9 in Dodging
 22598 | Lair:4   | Acquired Nemelex Xobeh's third power
 22649 | Lair:4   | Reached XP level 13. HP: 78/98 MP: 27/27
 23143 | Lair:4   | Received a gift from Nemelex Xobeh
 23859 | Lair:5   | Found a staircase to the Swamp.
 23895 | Lair:5   | Noticed Maud
 23905 | Lair:5   | Killed Maud
 24232 | Lair:5   | Reached skill level 10 in Dodging
 24311 | Lair:5   | Reached skill level 14 in Unarmed Combat
 24317 | Lair:5   | Reached skill level 7 in Transmutations
 24839 | Lair:5   | Reached skill level 6 in Fighting
 25103 | Lair:5   | Received a gift from Nemelex Xobeh
 25317 | Lair:5   | Reached skill level 8 in Transmutations
 25572 | Lair:6   | Received a gift from Nemelex Xobeh
 25716 | Lair:6   | Reached skill level 7 in Fighting
 25813 | Lair:6   | Received a gift from Nemelex Xobeh
 26447 | Lair:7   | Received a gift from Nemelex Xobeh
 26597 | Lair:7   | Found a labyrinth entrance.
 26609 | Lab      | Entered a labyrinth
 27214 | Lair:7   | Identified 2 potions of resistance
 27270 | Lair:7   | Received a gift from Nemelex Xobeh
 27300 | Lair:7   | HP: 10/107 [komodo dragon (22)]
 27301 | Lair:7   | Mangled by a komodo dragon

Vanquished Creatures
  Maud (Lair:5)
  A minotaur (Lair:1)
  A hydra (Lair:1)
  The ghost of vatarom the Destroyer, an experienced MfIE of Vehumet (D:10)
  A death yak (Lair:5)
  Urug (D:10)
  A wolf spider (Lair:3)
  15 elephants
  Joseph (D:10)
  3 black mambas
  A queen ant (Lair:2)
  7 spiny frogs
  A fire drake (Lair:4)
  9 komodo dragons
  4 centaur skeletons
  A demonic crawler (Lair:3)
  A yaktaur (Lair:5)
  A two-headed ogre (D:6)
  A troll (D:10)
  A wind drake (Lair:5)
  10 blink frogs
  A boulder beetle (Lair:4)
  4 basilisks
  3 deep elf magi
  A wyvern (D:7)
  3 hippogriffs
  Grum (D:9)
  A hungry ghost (D:9)
  12 wolves
  15 yaks
  7 sky beasts
  14 soldier ants (Lair:2)
  11 water moccasins
  9 porcupines
  6 orc warriors
  A necrophage (D:7)
  2 phantoms
  5 centaurs
  An ice beast (D:8)
  7 ogres
  14 crocodiles
  A gnoll sergeant (D:7)
  18 giant frogs
  2 big kobolds (D:7)
  A wyvern zombie (D:10)
  5 scorpions
  A wyvern skeleton (D:10)
  3 wights (D:10)
  6 killer bees (D:10)
  2 electric eels (Lair:1)
  2 jellies
  5 crimson imps
  A quasit (D:8)
  A centaur zombie (D:7)
  6 goliath beetles
  3 giant frog skeletons
  11 orc wizards
  8 orc priests
  7 hounds
  44 worker ants
  2 gnoll shamans (D:7)
  7 iguanas
  4 sheep (Lair:1)
  Ijyb (D:2)
  A mummy (D:9)
  A hound skeleton (D:10)
  28 river rats
  A worker ant zombie (D:10)
  22 adders
  5 gnolls (D:7)
  4 shadow imps (D:9)
  6 giant mites
  6 worms
  2 adder skeletons
  2 adder zombies
  10 giant geckos
  An ooze (D:5)
  47 orcs
  13 bats
  A bat skeleton (D:7)
  2 bat zombies (D:7)
  6 giant cockroaches
  11 goblins
  31 hobgoblins
  17 jackals
  27 kobolds
  14 quokkas
  5 ball pythons
  2 giant gecko skeletons
  5 giant newts
  2 orc zombies (D:9)
  19 rats
  2 ballistomycetes (D:10)
  A fungus (Lair:5)
  A plant (D:7)
617 creatures vanquished.

Vanquished Creatures (collateral kills)
  A minotaur (Lab)
  A hydra (Lair:3)
  4 death yaks (Lair:5)
  3 elephants
  Prince Ribbit (D:5)
  4 blink frogs (Lair:3)
  A hippogriff (Lair:3)
  A porcupine (Lair:7)
  6 necrophages
  An ogre (D:4)
  A giant frog (Lair:5)
  A scorpion (D:6)
  A jelly (D:5)
26 creatures vanquished.

Vanquished Creatures (others)
  4 yaktaurs
  A hellwing (Lair:5)
  A dancing weapon (Lab)
  An insubstantial wisp (Lair:3)
  A hell hound (Lair:7)
  2 centaurs (Lair:7)
  A giant spore (D:10)
  3 fungi (Lair:3)
14 creatures vanquished.

Grand Total: 657 creatures vanquished
